 Dungeon Crawl Stone Soup version 0.31-a0-960-g0fca184906 (webtiles) character file.

Game seed: 2091715436981002952

38 mightbedylan the Conjurer (level 3, -3/3 HPs)
             Began as a Draconian Conjurer on Oct 23, 2023.
             Slain by a quokka (4 damage)
             ... on level 1 of the Dungeon.
             The game lasted 00:10:56 (1003 turns).

mightbedylan the Conjurer (Draconian Conjurer)      Turns: 1003, Time: 00:10:56

Health: -3/3       AC:  5    Str:  9    XL:     3   Next: 25%
Magic:  4/6        EV: 12    Int: 20    God:
Gold:   118        SH:  0    Dex:  9    Spells: 1/7 levels left

rFire   . .          .
                       - Blade Hands
rCold   . . .        (shield currently unavailable)
rNeg    . . .        (body armour unavailable)
rPois   .            (helmet restricted)
rElec   .            (no cloak)
rCorr   .            (gloves currently unavailable)
SInv    .            (no boots)
Will    .....        (no amulet)
Stlth   ++           (no ring)
HPRegen 0.20/turn    (no ring)
MPRegen 0.10/turn

%: no passive effects
@: blade hands
A: reduced hp, AC +5, unfitting armour, cold-blooded
a: Begin Untransformation


You were on level 1 of the Dungeon.
You had blades for hands.
You visited 1 branch of the dungeon, and saw 1 of its levels.

You collected 118 gold pieces.

Inventory:

Talismans
 d - a blade talisman (active)
 f - a beast talisman
Scrolls
 c - a scroll of identify {unknown}
 g - a scroll of fog {unknown}
Potions
 a - a potion of magic
 b - a potion of cancellation {unknown}
 e - a potion of brilliance {unknown}
 h - a potion of resistance {unknown}


   Skills:
 - Level 2.0 Dodging
 - Level 2.0 Stealth
 * Level 2.6 Spellcasting
 * Level 4.1 Conjurations
 * Level 1.2 Shapeshifting


You had one spell level left.
You knew the following spells:

 Your Spells              Type           Power      Damage    Failure   Level
a - Magic Dart            Conj           76%        1d6       2%          1
b - Searing Ray           Conj           38%        2d5       4%          2
c - Dazzling Flash        Conj/Hex       20%        N/A       19%         3

Your spell library contained the following spells:

 Spells                   Type           Power      Damage    Failure   Level
 Fulminant Prism          Conj/Hex       5%         3d7       54%         4
 Iskenderun's Mystic Bla  Conj/Tloc      10%        2d4       54%         4


Dungeon Overview and Level Annotations

Branches:
Dungeon (1/15)

Altars:


Innate Abilities, Weirdness & Mutations

You have blades for hands.
Your maximum health is decreased, since you lack skill for your form.
You are incapable of wielding weapons or throwing items.
Your plain brown scales are hard. (AC +5)
You cannot fit into any form of body armour.
You are cold-blooded and may be slowed by cold attacks.


Message History

Confirm with . or Enter, or press ? or * to list all spells.
Okay, then.
Okay, then.
Aiming: Magic Dart (safe; 2% risk of failure)
Press: ? - help, Q - select action, (/) - cycle Shift-Dir - straight line, f - hobgoblin
Aim: a hobgoblin (100% to hit)
The magic dart hits the hobgoblin.
The hobgoblin is severely wounded.
Aiming: Magic Dart (safe; 2% risk of failure)
Press: ? - help, Q - select action, (/) - cycle Shift-Dir - straight line, f/p - hobgoblin
Aim: a hobgoblin (severely wounded, 100% to hit)
The magic dart hits the hobgoblin but does no damage.
The hobgoblin is severely wounded.
The hobgoblin hits you but does no damage.
You hit the hobgoblin.
You kill the hobgoblin!
Something hits the fungus.
The fungus begins to die.
A kobold comes into view. It is wielding a +0 club.
A kobold is nearby!
Found a chain mail.
Found a stone staircase leading down.
A hobgoblin comes into view.
The hobgoblin shouts!
A quokka comes into view.
You see here a +0 chain mail.
Aiming: Magic Dart (safe; 2% risk of failure)
Press: ? - help, Q - select action, (/) - cycle Shift-Dir - straight line, f - quokka
Aim: a quokka (100% to hit)
The magic dart hits the quokka.
The quokka is heavily wounded.
The quokka bites you.
Ouch! That really hurt!
The quokka barely misses you.
Aiming: Magic Dart (safe; 2% risk of failure)
Press: ? - help, Q - select action, (/) - cycle Shift-Dir - straight line, f/p - quokka
Aim: a quokka (heavily wounded, 100% to hit)
The magic dart hits the quokka but does no damage.
The quokka is heavily wounded.
The quokka bites you.
Ouch! That really hurt!
You die...

..P.#....# .PP....#.#
####
######...########....
................#...
##..####.####...#..#
#..####.# #...#..#
#.......# #.K.#..#
###.####.####...#r.#
................@..#
###.####.####..#g.##
#... #.##.....>....
###.# ###.##....# ...
......#.# ##.
##.#.#.#.# # #... ..
. #. .. ..


You could see a quokka, a hobgoblin and a kobold.

Vanquished Creatures
  3 dart slugs (D:1)
  3 bats (D:1)
  4 endoplasms (D:1)
  2 giant cockroaches (D:1)
  5 hobgoblins (D:1)
  A quokka (D:1)
  2 ball pythons (D:1)
  3 frilled lizards (D:1)
  4 goblins (D:1)
  2 kobolds (D:1)
29 creatures vanquished.

Notes
Turn   | Place    | Note
-------+----------+-------------------------------------------
     0 | D:1      | mightbedylan the Draconian Conjurer began the quest for the
                  | Orb.
     0 | D:1      | Reached XP level 1. HP: 14/14 MP: 3/3
    68 | D:1      | Reached XP level 2. HP: 14/20 MP: 1/5
    71 | D:1      | Learned a level 2 spell: Searing Ray
   641 | D:1      | Reached skill level 1 in Shapeshifting
   720 | D:1      | Reached XP level 3. HP: 24/26 MP: 3/6
   852 | D:1      | Learned a level 3 spell: Dazzling Flash
  1003 | D:1      | Slain by a quokka

Illustrated notes

Levels and vault maps discovered:
D:1:      roderic_dead_forest, layout_basic, minmay_gold_behind_fungi

Skill      XL: |  1  2 |
---------------+-------+-----
Stealth        | 2 |  2.0
Dodging        | 2 |  2.0
Shapeshifting  | 1 |  1.2
Spellcasting   | |  2.6
Conjurations   | |  4.1

Action                     || total
---------------------------++-------
  Melee: Unarmed           ||   116
         Tailslap          ||     8
   Cast: Magic Dart        ||    32
         Searing Ray       ||     1
 Armour: Skin              ||    58
  Dodge: Dodged            ||    71
         Form:             ||     2
         Blade             ||     2
         Beast             ||     1

Table legend: (Time is in decaauts)
 A = Elapsed time spent in this place.
 B = Non-inter-level travel time spent in this place.
 C = Inter-level travel time spent in this place.
 D = Time resting spent in this place.
 E = Time spent auto-exploring this place.
 F = Levels seen in this place.
 G = Mean time per level.
                   A        B        C        D        E       F      G
               +--------+--------+--------+--------+--------+-----+--------+
         Total |   1008 |   1008 |      0 |    219 |    467 |   1 | 1008.0 |
       Dungeon |   1008 |   1008 |      0 |    219 |    467 |   1 | 1008.0 |
               +--------+--------+--------+--------+--------+-----+--------+

Top non-repeatable levels by time:
     D:1: 1008 daAuts
